[ AOE2 MATCH · #505046384 ]
UnrankedGoths vs Magyars
Player's team · WIN
Rival team · LOSS
[ REPLAY ANALYSIS · EXTRACTED FROM THE RECORDED GAME ]
Feudal
—
Castle
—
Imperial
—
| APM avg | 71.5 |
| APM peak | 110 |
| eAPM avg | 25.2 |
| Villagers / military | 34 / 9 |
Focus
⚔️ 22.3% · 🌾 77.7%
Militia ×9
Feudal
—
Castle
—
Imperial
—
| APM avg | 102.3 |
| APM peak | 129 |
| eAPM avg | 37.8 |
| Villagers / military | 27 / 0 |
Focus
⚔️ 26.4% · 🌾 73.6%
Match map
Initial resources + every placement click. Lines = walls · curves = elevation contours. ◆ gold · ⬟ stone · ● berries · ✦ relic · ◌ wall gap
Your base
Fs.Wolverine's base
Smoothed initial terrain · ◌ = detected wall gap · hover for details
Inputs per minute
— 新竹 - - Fs.Wolverine
Build order — 新竹
54 actions detected in the replay
| 0:00 | Queue | Villager (Male) |
| 0:01 | Queue | Villager (Male) |
| 0:01 | Queue | Villager (Male) |
| 0:02 | Build | House |
| 0:04 | Build | House |
| 0:09 | Queue | Villager (Male) |
| 1:22 | Research | Loom |
| 1:31 | Queue | Villager (Male) |
| 1:45 | Queue | Villager (Male) |
| 1:45 | Queue | Villager (Male) |
| 1:45 | Queue | Villager (Male) |
| 1:45 | Queue | Villager (Male) |
| 2:18 | Queue | Villager (Male) |
| 2:55 | Queue | Villager (Male) |
| 2:55 | Queue | Villager (Male) |
| 3:19 | Queue | Villager (Male) |
| 3:19 | Queue | Villager (Male) |
| 3:20 | Queue | Villager (Male) |
| 3:29 | Build | House |
| 3:50 | Queue | Villager (Male) |
| 3:50 | Queue | Villager (Male) |
| 3:51 | Queue | Villager (Male) |
| 4:09 | Queue | Villager (Male) |
| 4:09 | Queue | Villager (Male) |
| 4:09 | Queue | Villager (Male) |
| 4:22 | Build | Barracks |
| 4:35 | Queue | Villager (Male) |
| 4:35 | Queue | Villager (Male) |
| 4:56 | Queue | Villager (Male) |
| 4:56 | Queue | Villager (Male) |
| 4:56 | Queue | Villager (Male) |
| 4:56 | Queue | Villager (Male) |
| 5:08 | Build | Palisade Wall |
| 5:09 | Build | Palisade Wall |
| 5:09 | Build | Palisade Wall |
| 5:11 | Build | Palisade Wall |
| 5:29 | Queue | Militia |
| 5:30 | Queue | Militia |
| 5:30 | Queue | Militia |
| 5:30 | Queue | Militia |
| 5:40 | Build | Palisade Wall |
| 5:47 | Queue | Villager (Male) |
| 5:47 | Queue | Villager (Male) |
| 5:47 | Queue | Villager (Male) |
| 5:47 | Queue | Villager (Male) |
| 5:56 | Build | House |
| 6:39 | Queue | Militia |
| 6:39 | Queue | Militia |
| 6:39 | Queue | Militia |
| 6:43 | Queue | Villager (Male) |
| 6:43 | Queue | Villager (Male) |
| 6:43 | Queue | Villager (Male) |
| 7:19 | Queue | Militia |
| 7:19 | Queue | Militia |
Build order — Fs.Wolverine
40 actions detected in the replay
| 0:01 | Queue | Villager (Male) |
| 0:02 | Build | House |
| 0:03 | Build | House |
| 0:15 | Queue | Villager (Male) |
| 0:15 | Queue | Villager (Male) |
| 0:15 | Queue | Villager (Male) |
| 1:22 | Build | Lumber Camp |
| 1:23 | Queue | Villager (Male) |
| 2:02 | Queue | Villager (Male) |
| 2:03 | Queue | Villager (Male) |
| 2:26 | Queue | Villager (Male) |
| 2:27 | Queue | Villager (Male) |
| 2:31 | Build | House |
| 3:02 | Queue | Villager (Male) |
| 3:24 | Queue | Villager (Male) |
| 3:24 | Queue | Villager (Male) |
| 3:55 | Queue | Villager (Male) |
| 3:55 | Queue | Villager (Male) |
| 4:22 | Research | Loom |
| 4:25 | Queue | Villager (Male) |
| 4:25 | Queue | Villager (Male) |
| 5:02 | Queue | Villager (Male) |
| 5:02 | Queue | Villager (Male) |
| 5:22 | Queue | Villager (Male) |
| 5:22 | Queue | Villager (Male) |
| 5:35 | Build | Mill |
| 5:52 | Queue | Villager (Male) |
| 5:52 | Queue | Villager (Male) |
| 5:55 | Queue | Villager (Male) |
| 5:55 | Queue | Villager (Male) |
| 5:55 | Queue | Villager (Male) |
| 5:56 | Queue | Villager (Male) |
| 6:17 | Build | Palisade Wall |
| 6:18 | Build | Palisade Wall |
| 6:25 | Build | House |
| 6:46 | Build | Palisade Wall |
| 6:50 | Build | Palisade Wall |
| 6:51 | Build | Palisade Wall |
| 6:52 | Build | Palisade Wall |
| 6:57 | Queue | Villager (Male) |
Match timeline
| 4:22 | 新竹 · first_building Barracks |
| 5:08 | 新竹 · wall_segment Palisade Wall x2 |
| 5:09 | 新竹 · wall_segment Palisade Wall x1 |
| 5:09 | 新竹 · wall_segment Palisade Wall x4 |
| 5:11 | 新竹 · wall_segment Palisade Wall x1 |
| 5:40 | 新竹 · wall_segment Palisade Wall x3 |
| 6:17 | Fs.Wolverine · wall_segment Palisade Wall x1 |
| 6:18 | Fs.Wolverine · wall_segment Palisade Wall x1 |
| 6:46 | Fs.Wolverine · wall_segment Palisade Wall x1 |
| 6:50 | Fs.Wolverine · wall_segment Palisade Wall x1 |
| 6:51 | Fs.Wolverine · wall_segment Palisade Wall x1 |
| 6:52 | Fs.Wolverine · wall_segment Palisade Wall x1 |
| 7:40 | Fs.Wolverine · resign |
[ AI ANALYSIS · 1 CREDIT ]
What really happened in this match?
Wolo.gg analyzes every decision: build order, eco, micro, common mistakes by bracket. Personalized analysis on WhatsApp or Discord in 30 seconds.
Civ guide
Goths
Perfil
Jugador #14547856